 Dungeon Crawl Stone Soup version 0.31-a0-204-g7da18cac08 (webtiles) character file.

Game seed: 11822810720861066533

95 qw the Shooter (level 4, -8/25 HPs)
             Began as a Deep Elf Hunter on June 27, 2023.
             Mangled by a black bear (11 damage)
             ... on level 3 of the Dungeon.
             The game lasted 00:00:47 (1863 turns).

qw the Shooter (Deep Elf Hunter)                    Turns: 1863, Time: 00:00:48

Health: -8/25      AC: 11    Str: 10    XL:     4   Next: 39%
Magic:  6/6        EV: 11    Int: 14    God:
Gold:   127        SH:  0    Dex: 18    Spells: 3/3 levels left

rFire   . . .        Y - +0 shortbow
rCold   . . .        (shield currently unavailable)
rNeg    . . .        j - +0 ring mail
rPois   .            f - +2 hat
rElec   .            (no cloak)
rCorr   .            h - +0 pair of gloves
SInv    .            g - +2 pair of boots
Will    .....        (no amulet)
Stlth   +            (no ring)
HPRegen 0.24/turn    (no ring)
MPRegen 0.10/turn

%: no passive effects
@: no status effects
A: no striking features
a: no special abilities


You were on level 3 of the Dungeon.
You visited 1 branch of the dungeon, and saw 3 of its levels.

You collected 127 gold pieces.


   Skills:
 - Level 1.5 Fighting
 + Level 7.8 Ranged Weapons
 - Level 2.4 Dodging
 - Level 1.2 Stealth


You had 3 spell levels left.
You didn't know any spells.
Your spell library was empty.

Inventory:

Hand Weapons
 Y - a +0 shortbow (weapon)
Armour
 f - a +2 hat (worn)
 g - a +2 pair of boots (worn)
 h - a +0 pair of gloves (worn)
 j - a +0 ring mail (worn)
Scrolls
 b - a scroll of identify
Potions
 a - a potion of haste {unknown}
 d - a potion of attraction {unknown}
 i - a potion of curing

Dungeon Overview and Level Annotations

Branches:
Dungeon (3/15)

Altars:

Shops:
D:1 (


Message History

The black bear bites you.
The black bear claws you but does no damage.
The black bear barely misses you.
You shoot an arrow.
The arrow hits the black bear but does no damage.
The black bear is lightly wounded.
The black bear barely misses you.
The black bear claws you but does no damage.
The black bear barely misses you.
You shoot an arrow. The arrow hits the black bear.
The black bear is moderately wounded.
The black bear bites you but does no damage.
The black bear barely misses you.
The black bear claws you but does no damage.
The black bear bites you.
The black bear claws you but does no damage.
The black bear barely misses you.
You shoot an arrow. The arrow barely misses the black bear.
The black bear bites you.
The black bear claws you but does no damage.
The black bear barely misses you.
You shoot an arrow. The arrow hits the black bear!
The black bear is heavily wounded.
The black bear bites you but does no damage.
The black bear claws you.
The black bear claws you but does no damage.
You shoot an arrow. The arrow hits the black bear!
The black bear is severely wounded.
The black bear goes berserk!
You shoot an arrow. The arrow hits the black bear!
The black bear is almost dead.
The black bear bites you but does no damage.
The black bear claws you but does no damage.
The black bear closely misses you.
The black bear bites you but does no damage.
The black bear closely misses you.
The black bear claws you but does no damage.
You shoot an arrow. The arrow barely misses the black bear.
The black bear bites you!
You die...

........####.#
....#...# #.#
###.#.#.####.###.### #
#.#%......).....
#.######.######. #.#.
#.# #.. #.# #.# ## #.#
#.# ..###@#
#.###<....=ho.....
######.....####.#####.#
##........# #.#
........<.# #.#
.#.##.#%### #.# .. #.#
#.# ..# #.# #.# ##
#.########.


You could see a black bear (berserk) and an orc.

Vanquished Creatures
  An adder (D:2)
  A worm (D:2)
  3 dart slugs
  2 orcs (D:3)
  10 endoplasms
  3 giant cockroaches
  7 goblins
  7 hobgoblins
  12 jackals
  3 kobolds
  2 quokkas
  3 ball pythons
  2 bats
  4 frilled lizards
  4 rats
64 creatures vanquished.

Notes
Turn   | Place    | Note
-------+----------+-------------------------------------------
     0 | D:1      | qw the Deep Elf Hunter began the quest for the Orb.
     0 | D:1      | Reached XP level 1. HP: 12/12 MP: 3/3
     0 | D:1      | 0 ||| qw: Version: 0.3-a-22-g0ed2b0b
     0 | D:1      | 0 ||| qw: Game counter: 6506
     0 | D:1      | 0 ||| qw: Melee chars always use a shield: true
     0 | D:1      | 0 ||| qw: God list: Okawaru
     0 | D:1      | 0 ||| qw: Allow faded altars: false
     0 | D:1      | 0 ||| qw: Do Orc after clearing Dungeon:15 true
     0 | D:1      | 0 ||| qw: Do second Lair branch before Depths: true
     0 | D:1      | 0 ||| qw: Lair rune preference: random
     0 | D:1      | 0 ||| qw: Goals: Normal
     0 | D:1      | 0 ||| PLANNING D:1-11
    53 | D:1      | 53 ||| FLEEEEING.
    54 | D:1      | 54 ||| FLEEEEING.
   214 | D:1      | Reached XP level 2. HP: 16/16 MP: 4/4
   217 | D:1      | Reached skill level 6 in Ranged Weapons
   552 | D:1      | Reached XP level 3. HP: 20/20 MP: 5/5
   812 | D:1      | Found Duvarph's Antique Weapon Emporium.
   982 | D:1      | 982 ||| UPGRADING to +2 hat.
   987 | D:1      | 987 ||| UPGRADING to +2 pair of boots.
   992 | D:1      | 992 ||| UPGRADING to +0 pair of gloves.
   997 | D:1      | 997 ||| READING 2 scrolls labelled CUVICO EDWE.
   998 | D:1      | 998 ||| READING scroll labelled YCOVVISORR.
   999 | D:1      | 999 ||| READING scroll labelled UTYUZI KEKHIVAARIO.
  1000 | D:1      | 1000 ||| READING scroll labelled VIKOCSU FOACH.
  1001 | D:1      | 1001 ||| DRINKING 2 inky potions.
  1002 | D:1      | 1002 ||| DROPPING scroll of vulnerability.
  1003 | D:1      | 1003 ||| DROPPING scroll of butterflies.
  1038 | D:2      | Reached skill level 7 in Ranged Weapons
  1150 | D:2      | 1150 ||| Stepping ~*~*~tactically~*~*~ (water).
  1152 | D:2      | 1152 ||| Stepping ~*~*~tactically~*~*~ (water).
  1154 | D:2      | 1154 ||| Stepping ~*~*~tactically~*~*~ (water).
  1156 | D:2      | 1156 ||| Stepping ~*~*~tactically~*~*~ (water).
  1158 | D:2      | 1158 ||| Stepping ~*~*~tactically~*~*~ (water).
  1160 | D:2      | 1160 ||| Stepping ~*~*~tactically~*~*~ (water).
  1318 | D:2      | Reached XP level 4. HP: 25/25 MP: 6/6
  1578 | D:2      | You fall into a shaft and drop 1 floor!
  1581 | D:3      | 1581 ||| UPGRADING to +0 ring mail.
  1591 | D:3      | 1591 ||| DROPPING +0 leather armour.
  1592 | D:3      | 1592 ||| READING 3 scrolls labelled GOPPIATHOEW.
  1593 | D:3      | 1593 ||| DROPPING 2 scrolls of poison.
  1595 | D:3      | 1595 ||| Stepping ~*~*~tactically~*~*~ (cloud).
  1604 | D:3      | HP: 6/25 [poisoned by you (poison gas)]
  1848 | D:3      | Noticed a black bear
  1859 | D:3      | HP: 4/25 [black bear (5)]
  1863 | D:3      | Mangled by a black bear

Levels and vault maps discovered:
D:1:      evilmike_arrival_crescent, layout_basic, serial_shops, shop
D:2:      layout_loops_cross, st_stairs_5, serial_bayou_lagoon_b
D:3:      layout_loops_ring

Skill      XL: |  1  2  3 |
---------------+----------+-----
Ranged Weapons | 6 7 |  7.8
Fighting       | |  1.5
Dodging        | |  2.4
Stealth        | |  1.2

Action                     |  1- 3 |  4- 6 || total
---------------------------+-------+-------++-------
   Fire: Shortbow          |   131 |    44 ||   175
    Use: Scroll            |     4 |     1 ||     5
         Potion            |     1 |       ||     1
 Armour: Leather armour    |    21 |     6 ||    27
         Ring mail         |       |    26 ||    26
  Dodge: Dodged            |    35 |    32 ||    67

Table legend:
 A = Non-vault XP
 B = Vault XP
 C = Vault XP percentage of total XP
 D = Non-vault monster count
 E = Vault monster count
 F = Vault count percentage of total count
                 A         B        C        D         E       F
            +---------+---------+-------+---------+---------+-------
      Total |     133 |       3 |   2.2 |      62 |       2 |   3.1
            +---------+---------+-------+---------+---------+-------
        D:1 |      61 |       0 |   0.0 |      33 |       0 |   0.0
        D:2 |      63 |       3 |   4.5 |      25 |       2 |   7.4
        D:3 |       9 |       0 |   0.0 |       4 |       0 |   0.0
            +---------+---------+-------+---------+---------+-------
